 Dungeon Crawl Stone Soup version 0.20.0-15-g7f486f2 (webtiles) character file.

4193 Ic0n the Nimble (level 10, -2/64 HPs)
             Began as a Kobold Skald on June 22, 2017.
             Was an Initiate of Makhleb.
             Slain by Grum
             ... wielding a +1 spear of venom
              (4 damage)
             ... on level 8 of the Dungeon.
             The game lasted 01:08:21 (15225 turns).

Ic0n the Nimble (Kobold Skald)                     Turns: 15225, Time: 01:08:22

Health: -2/64      AC:  7    Str: 13    XL:     10   Next: 54%
Magic:  9/22       EV: 19    Int: 17    God:    Makhleb [......]
Gold:   447        SH:  0    Dex: 14    Spells: 0/13 levels left

rFire    . . .     SeeInvis .   a - +4 flail (crush)
rCold    . . .     Gourm    .   (shield restricted)
rNeg     . . .     Faith    +   k - +0 leather armour
rPois    .         Spirit   .   j - +0 helmet
rElec    .         Reflect  .   (no cloak)
rCorr    .         Harm     .   e - +2 pair of gloves {Str+3}
MR       .....                  (no boots)
Stlth    +.........             m - amulet of faith
Regen    0.2/turn               h - ring of magical power
MPRegen  0.2/turn               (no ring)

@: very slightly contaminated, drained
A: carnivore 3
a: Renounce Religion


You were on level 8 of the Dungeon.
You worshipped Makhleb.
Makhleb was noncommittal.
You were very full.

You visited 2 branches of the dungeon, and saw 9 of its levels.

You collected 447 gold pieces.

Inventory:

Hand Weapons
 a - a +4 flail of crushing (weapon)
 b - a +0 hunting sling
Missiles
 i - 272 stones (quivered)
 r - 10 sling bullets
Armour
 e - a +2 pair of gloves of strength (worn)
 j - a +0 helmet (worn)
 k - a +0 leather armour (worn)
Jewellery
 h - a ring of magical power (left hand)
 m - an amulet of faith (around neck)
Wands
 g - a wand of acid (10/15)
 s - a wand of lightning (0/15)
 y - a wand of acid (6/15)
Scrolls
 q - 6 scrolls of remove curse
 v - a scroll of fog
Potions
 f - a potion of brilliance
 p - 5 potions of curing
 w - 2 potions of mutation
 z - 2 potions of flight
Books
 c - a book of Battle

   Spells                             Type                      Level
   a - Infusion                       Charms                       1
   b - Shroud of Golubria             Charms/Translocation         2
   c - Song of Slaying                Charms                       2
   d - Spectral Weapon                Hexes/Charms                 3
   e - Regeneration                   Charms/Necromancy            3
 l - a book of Minor Magic

   Spells                             Type                      Level
   a - Magic Dart                     Conjuration                  1
   b - Blink                          Translocation                2
   c - Call Imp                       Summoning                    2
   d - Slow                           Hexes                        2
   e - Conjure Flame                  Conjuration/Fire             3
   f - Mephitic Cloud                 Conjuration/Poison/Air       3
 u - a book of Maledictions

   Spells                             Type                      Level
   a - Corona                         Hexes                        1
   b - Ensorcelled Hibernation        Hexes/Ice                    2
   c - Confuse                        Hexes                        3
   d - Tukima's Dance                 Hexes                        3
   e - Dazzling Spray                 Conjuration/Hexes            3
Comestibles
 d - 6 meat rations
 n - 3 chunks of flesh
 o - 8 royal jellies


   Skills:
 + Level 7.8(7.4) Fighting
   Level 4.5(4.1) Short Blades
 + Level 5.3(4.9) Maces & Flails
 - Level 0.7(0.4) Armour
 + Level 8.5(8.1) Dodging
 - Level 2.1(1.8) Spellcasting
 - Level 6.6(6.3) Hexes
 - Level 2.7(2.4) Charms
 - Level 3.2(2.9) Summonings
 - Level 3.8(3.4) Translocations
 * Level 0.0 Evocations


You couldn't memorise any spells.
You knew the following spells:

 Your Spells              Type           Power        Failure   Level  Hunger
a - Shroud of Golubria    Chrm/Tloc      ##........   11%         2    ###....
b - Song of Slaying       Chrm           #.......     14%         2    ###....
c - Confuse               Hex            ###.....     5%          3    ###....
d - Blink                 Tloc           N/A          9%          2    ###....
e - Call Imp              Summ           ##......     11%         2    ###....
f - Slow                  Hex            ###.....     2%          2    ###....


Dungeon Overview and Level Annotations

Branches:
Dungeon (8/15)             Temple (1/1) D:4
   Lair: D:8-11

Altars:
Ashenzari
Cheibriados
Elyvilon
Fedhas
Gozag
Hepliaklqana
Kikubaaqudgha
Makhleb
Nemelex Xobeh
Okawaru
Qazlal
Ru
Sif Muna
Trog
Uskayaw
Vehumet
Xom
Yredelemnul
Zin
The Shining One

Annotations:
D:6 exclusion: downstairs
D:8 Grum


Innate Abilities, Weirdness & Mutations

You are small and have problems with some larger weapons.
You are carnivorous and can eat meat at any time.


Message History

The wight hits you with an enchanted flail!
* * * LOW HITPOINT WARNING * * *
You feel drained.
* * * LOW HITPOINT WARNING * * *
The wolf completely misses you. The wolf misses you.
The wolf bites your white imp.
Grum stares intently and grunts.
Grum barely misses you. The wolf closely misses you.
The wight barely misses you. The wolf completely misses you.
Okay, then.
Okay, then.
The wolf bites your white imp! The wolf bites you but does no damage.
The wolf misses you.
Your white imp hits the wolf but does no damage.
Casting: Call Imp
Confirm with . or Enter, or press ? or * to list all spells.
You blink.
The wolf bites you!
* * * LOW HITPOINT WARNING * * *
Grum hits you with a spear of venom.
You die...

.# ##..### .# ..z.
.# ###..## .#..z..
.####..### .#.....
..#...## ....!.Z
#...### ......h
#.###
#######Z...... ###
#z.......#
#h##..##.#
#@#....#.#
#g.5.....#
########hz.PPP..#
##......hh.###PP..#
#........5## P....
#..PPPP.P.# .....
#..♣♣P..♣♣# .....
#..P.PP.P.P
#..♣.PPP.P♣


You could see Grum, 4 wolves, 2 wights, a crimson imp and a friendly white imp.

Vanquished Creatures
  A two-headed ogre (D:7)
  The ghost of StylePro the Chopper, an amateur NaFi (D:3)
  A hippogriff (D:8)
  Menkaure (D:4)
  2 orc warriors
  3 ice beasts
  A phantom (D:4)
  2 sky beasts
  2 black bears
  5 ogres
  2 centaurs (D:6)
  2 bullfrogs
  A howler monkey (D:6)
  A bullfrog zombie (D:5)
  A centaur zombie (D:6)
  2 crimson imps
  A jelly (D:6)
  3 orc priests
  A gnoll shaman (D:7)
  9 orc wizards
  A centaur skeleton (D:6)
  2 bullfrog skeletons
  4 worker ants
  An iguana (D:6)
  2 hound skeletons
  A hound zombie (D:5)
  A worker ant zombie (D:3)
  Robin (D:2)
  12 gnolls
  13 adders
  4 shadow imps
  2 oozes
  4 adder zombies
  An adder skeleton (D:4)
  5 worms
  5 dart slugs
  5 leopard geckos
  40 orcs
  8 giant cockroaches
  22 goblins
  11 hobgoblins
  5 jackals
  13 kobolds
  8 quokkas
  2 ball pythons
  10 bats
  A frilled lizard (D:1)
  A jackal skeleton (D:5)
  A quokka zombie (D:7)
  6 rats
234 creatures vanquished.

Vanquished Creatures (collateral kills)
  Grinder (D:4)
  Eustachio (D:4)
  Jessica (D:7)
  A gnoll (D:7)
4 creatures vanquished.

Grand Total: 238 creatures vanquished

Notes
Turn   | Place    | Note
-------+----------+-------------------------------------------
     0 | D:1      | Ic0n the Kobold Skald began the quest for the Orb.
     0 | D:1      | Reached XP level 1. HP: 12/12 MP: 3/3
     2 | D:1      | Noticed a merfolk
     2 | D:1      | Noticed a vine stalker
     6 | D:1      | Noticed a halfling
     6 | D:1      | Noticed a tengu
     8 | D:1      | Noticed a felid
     8 | D:1      | Noticed an ogre
    10 | D:1      | Noticed a demonspawn
    10 | D:1      | Noticed a troll
    12 | D:1      | Noticed a gargoyle
    12 | D:1      | Noticed an elf
    14 | D:1      | Noticed a human
    14 | D:1      | Noticed a ghoul
    16 | D:1      | Noticed a centaur
    16 | D:1      | Noticed a vampire
    18 | D:1      | Noticed a draconian
    21 | D:1      | Noticed a demigod
    21 | D:1      | Noticed a minotaur
    23 | D:1      | Noticed an octopode
    23 | D:1      | Noticed a naga
    25 | D:1      | Noticed a spriggan
    25 | D:1      | Noticed a formicid
    27 | D:1      | Noticed a dwarf
   278 | D:1      | Reached XP level 2. HP: 15/18 MP: 5/5
  1043 | D:1      | Reached XP level 3. HP: 20/22 MP: 2/6
  1315 | D:1      | Reached skill level 3 in Dodging
  1860 | D:2      | Learned a level 2 spell: Song of Slaying
  1863 | D:2      | Learned a level 2 spell: Shroud of Golubria
  1879 | D:2      | Noticed Robin
  2038 | D:1      | Reached XP level 4. HP: 24/27 MP: 7/7
  2286 | D:2      | Learned a level 2 spell: Blink
  2309 | D:2      | Reached skill level 1 in Translocations
  2661 | D:2      | Reached XP level 5. HP: 32/32 MP: 8/8
  2905 | D:2      | Killed Robin
  3305 | D:3      | Noticed StylePro's ghost (amateur NaFi)
  3796 | D:3      | Reached skill level 4 in Dodging
  4075 | D:3      | Reached XP level 6. HP: 35/38 MP: 9/9
  4329 | D:3      | Found an ancient bone altar of Kikubaaqudgha.
  6388 | D:3      | Killed StylePro's ghost
  6388 | D:3      | Reached skill level 1 in Maces & Flails
  6388 | D:3      | Reached XP level 7. HP: 19/44 MP: 10/10
  6935 | D:3      | Noticed a moth of wrath
  6938 | D:3      | Found a bloodstained altar of Trog.
  7173 | D:3      | Reached skill level 5 in Dodging
  7328 | D:4      | Noticed Grinder
  7329 | D:4      | Paralysed by Grinder for 5 turns
  7366 | D:5      | Entered Level 5 of the Dungeon
  7402 | D:5      | Reached skill level 5 in Fighting
  7547 | D:5      | Found a glowing golden altar of the Shining One.
  7679 | D:5      | Reached XP level 8. HP: 37/49 MP: 11/11
  7753 | D:5      | Learned a level 2 spell: Call Imp
  7848 | D:5      | Reached skill level 1 in Summonings
  8127 | D:5      | Found an iron altar of Okawaru.
  8510 | D:6      | Reached skill level 6 in Dodging
  8895 | D:6      | Learned a level 3 spell: Confuse
  9043 | D:6      | Reached skill level 1 in Hexes
  9286 | D:6      | Got a steaming dagger
  9287 | D:6      | Identified the +0 dagger of the Valley {flame, rF+ Int+2} (You found it on level 6 of the Dungeon)
  9338 | D:6      | Reached XP level 9. HP: 43/55 MP: 12/12
 10133 | D:4      | Noticed Menkaure
 10139 | D:4      | Killed Menkaure
 10195 | D:4      | Noticed Eustachio
 10220 | D:4      | Killed Eustachio
 10345 | D:4      | Reached skill level 7 in Dodging
 11407 | D:7      | Found a glowing golden altar of the Shining One.
 11742 | D:7      | Noticed a two-headed ogre
 12039 | D:7      | Found a sacrificial altar of Ru.
 12391 | D:7      | Noticed Jessica
 12398 | D:7      | Killed Jessica
 12405 | D:7      | Found a deep blue altar of Sif Muna.
 12512 | D:7      | Reached skill level 5 in Hexes
 12512 | D:7      | Reached XP level 10. HP: 45/63 MP: 13/13
 12695 | D:7      | Noticed a cyan ugly thing
 12992 | D:8      | Noticed Grum
 13351 | D:4      | Found a staircase to the Ecumenical Temple.
 13406 | D:4      | Killed Grinder
 13500 | Temple   | Entered the Ecumenical Temple
 13507 | Temple   | Became a worshipper of Makhleb the Destroyer
 14061 | D:6      | Reached skill level 8 in Dodging
 14098 | D:7      | Learned a level 2 spell: Slow
 14341 | D:7      | Killed a two-headed ogre
 14341 | D:7      | Reached skill level 5 in Maces & Flails
 14542 | D:8      | Found a stormy altar of Qazlal.
 14627 | D:8      | Found a hazy altar of Hepliaklqana.
 15225 | D:8      | HP: 2/64 [wolf[Grum] (10)]
 15225 | D:8      | Slain by Grum

Skill      XL: |  1  2  3  4  5  6  7  8  9 10 |
---------------+-------------------------------+-----
Short Blades   | 3 4 |  4.5
Dodging        | 3 4 5 6 7 8 |  8.5
Fighting       | 3 4 5 6 7 |  7.8
Translocations | 1 2 3 |  3.8
Maces & Flails | 1 2 3 4 5 |  5.3
Summonings     | 3 |  3.2
Hexes          | 1 5 6 |  6.6
Armour         | |  0.7
Spellcasting   | |  2.1
Charms         | |  2.7

Action                   |  1- 3 |  4- 6 |  7- 9 | 10-12 || total
-------------------------+-------+-------+-------+-------++-------
Melee: Short sword       |   148 |    15 |       |       ||   163
       Long sword        |       |   189 |       |       ||   189
       Flail             |       |    26 |   367 |    96 ||   489
 Fire: Hunting sling     |       |    94 |     3 |       ||    97
Throw: Stone             |    10 |     1 |       |       ||    11
 Cast: Infusion          |     1 |     3 |       |       ||     4
       Song of Slaying   |       |     5 |     1 |       ||     6
       Blink             |       |     5 |    12 |    13 ||    30
       Shroud of Golubri |       |       |    16 |     2 ||    18
       Call Imp          |       |       |    25 |     9 ||    34
       Confuse           |       |       |    10 |    15 ||    25
Evoke: Wand              |       |       |     2 |     3 ||     5
  Use: Scroll            |     5 |       |    16 |     3 ||    24
       Potion            |       |     3 |     2 |     3 ||     8
 Stab: Distracted        |       |       |     2 |     1 ||     3
       Sleeping          |       |       |     2 |       ||     2
       Confused          |       |       |       |     3 ||     3
  Eat: Chunk             |    12 |    15 |    24 |    13 ||    64
Armor: Leather armour    |    17 |    56 |    96 |    30 ||   199
Dodge: Dodged            |   122 |   247 |   350 |   112 ||   831
       Rpst.: Long sword |       |    74 |       |       ||    74
